 Dungeon Crawl Stone Soup version 0.28.0 (webtiles) character file.

Game seed: 14287288212150254267

5 Palewisp the Sneak (level 1, 5/9 HPs)
             Began as a Spriggan Enchanter on Feb 10, 2022.
             Was a Follower of Trog.
             Quit the game on level 1 of the Dungeon.
             The game lasted 00:03:16 (170 turns).

Palewisp the Sneak (Spriggan Enchanter)              Turns: 170, Time: 00:03:16

Health: 5/9        AC:  2    Str:  4    XL:     1   Next: 66%
Magic:  5/5        EV: 17    Int: 16    God:    Trog [*.....]
Gold:   9          SH:  0    Dex: 15    Spells: 5/5 levels left

rFire   . . .      SeeInvis +   b - +1 dagger
rCold   . . .      Faith    .   (no shield)
rNeg    . . .      Spirit   .   e - +0 robe
rPois   .          Reflect  .   (helmet restricted)
rElec   .          Harm     .   (no cloak)
rCorr   .          Rampage  .   (gloves unavailable)
Will    .....                   (boots unavailable)
Stlth   +++.......              (no amulet)
HPRegen 0.03/turn               (no ring)
MPRegen 0.09/turn               (no ring)

@: very quick
A: very small, no large weapons, unfitting armour, see invisible, speed 3
a: Renounce Religion, Berserk


You were on level 1 of the Dungeon.
You worshipped Trog.
Trog was aware of your devotion.
You visited 1 branch of the dungeon, and saw 1 of its levels.

You collected 9 gold pieces.

Inventory:

Hand Weapons
 a - a +0 short sword
 b - a +1 dagger (weapon)
Missiles
 f - 2 stones (quivered)
Armour
 e - a +0 robe (worn)
Scrolls
 d - a scroll of noise {unknown}
Potions
 c - a potion of invisibility
 g - a potion of lignification {unknown}


   Skills:
 - Level 1.1 Short Blades
 - Level 2.6 Dodging
 + Level 4.6 Stealth
 - Level 2.6 Spellcasting
 - Level 3.8 Hexes
 - Level 0.2 Ice Magic


You had 5 spell levels left.
You didn't know any spells.
Your spell library contained the following spells:

 Spells                   Type           Power      Damage    Failure   Level
 Confusing Touch          Hex            14%        N/A       12%         3
 Tukima's Dance           Hex            14%        N/A       12%         3
 Ensorcelled Hibernation  Hex/Ice        16%        N/A       13%         2
 Dazzling Flash           Conj/Hex       16%        N/A       26%         3


Dungeon Overview and Level Annotations

Branches:
Dungeon (1/15)

Altars:
Trog


Innate Abilities, Weirdness & Mutations

You are very small and have problems with some larger weapons.
You are too small for most types of armour.
You have supernaturally acute eyesight. (SInv)
You cover ground extremely quickly. (Speed+++)


Message History

The kobold shouts!
You hit the kobold but do no damage. The kobold misses you.
You hit the kobold.
The kobold is moderately wounded.
The kobold closely misses you.
You barely miss the kobold.
The kobold is moderately wounded.
The kobold hits you with a +0 short sword.
You hit the kobold but do no damage.
The kobold is moderately wounded.
The kobold hits you but does no damage.
You hit the kobold.
You kill the kobold!
Things that are here:
a +0 short sword; 2 stones
e - a +0 short sword;
f - 2 stones Adjust to which letter? (? for menu, Esc to quit)
b - a +0 short sword;
e - a +0 robe (worn)
Adjust to which letter? (? for menu, Esc to quit)
a - a +0 short sword;
b - a +1 dagger (weapon)
A bat comes into view.
Found a fuming orange potion.
A kobold comes into view. It is wielding a +0 dagger.
A goblin comes into view. It is wielding a +0 dagger.
The goblin shouts!
Found 8 gold pieces and an emerald potion.
The bat closely misses you. The bat closely misses you.
Found a faded altar of an unknown god.
The goblin hits you with a +0 dagger.
You see here an emerald potion.
g - an emerald potion The bat misses you.
The hobgoblin hits you. The bat hits you but does no damage.
There is a faded altar of an unknown god here.
You cannot tell which god this altar belongs to.
Convert to them anyway?
Trog accepts your prayer! Trog welcomes you!
You can now go berserk at will.
The bat closely misses you.
The kobold throws a stone.
The stone misses you.
Are you sure you want to abandon this character and quit the game? (Confirm with "yes".)

#.#....# #..#
.#.#....#####.# ##
.#..........#.##
#.#.#.##...........
#...###.........#..
#.∩..8..∩(.8..∩.#..
#.##...............#..
#.....................
#@..8.....$..∩....
#####b................
#...gg............####
#..........∩..8..8# #
#.......K.........# #
#.................# #
#....∩..8.....8...# #
#.................# #
#.................####


You could see a hobgoblin, a goblin, a bat and a kobold.

Vanquished Creatures
  An endoplasm (D:1)
  A giant cockroach (D:1)
  A kobold (D:1)
  A ball python (D:1)
  A rat (D:1)
5 creatures vanquished.

Notes
Turn   | Place    | Note
-------+----------+-------------------------------------------
     0 | D:1      | Palewisp the Spriggan Enchanter began the quest for the
                  | Orb.
     0 | D:1      | Reached XP level 1. HP: 9/9 MP: 5/5
   160 | D:1      | Found a faded altar of an unknown god.
   169 | D:1      | Prayed at the altar of an unknown god.
   169 | D:1      | Became a worshipper of Trog the Wrathful
   169 | D:1      | Reached * piety under Trog
   170 | D:1      | Quit the game

Illustrated notes

Levels and vault maps discovered:
D:1:      shiori_arrival_oz, layout_basic, hellmonk_ecumenical_altar_arch_garden

Action                   || total
-------------------------++-------
Melee: Dagger            ||    13
 Stab: Sleeping          ||     2
Armor: Robe              ||     3
Dodge: Dodged            ||    13
